AoeStats
← mryendl2410

Arabia

510102815Analyzed
2v2 RM · 2d ago on Sep 29, 2026· 46m 50s· 4 players
Game mode
Random Map
Map size
Medium (4 player)
Population
200
Speed
Normal
Resources
Standard
Victory
Conquest
Starting age
Dark Age
Ending age
Imperial Age
RankedLock teamsTeams togetherTeam positionsShared explorationLock speedFull tech treeHidden civsTurbo modeCheats
Victory
Defeat
🇹🇼 Wu · Taiwan
1385
+13
🇹🇼 Varangians · Taiwan
1265
+19
🇻🇳 Ethiopians · Vietnam
1374
-18
🇫🇷 Persians · France
1273
-14
Gogogo
6:28 Loom
8:44 Feudal Age
9:20 Double-Bit Axe
15:52 Wheelbarrow
18:51 Castle Age
17:08 Horse Collar
17:23 Gold Mining
19:23 Fletching
19:34 Padded Archer Armor
19:46 Bow Saw
20:03 Bodkin Arrow
20:34 Elite Skirmisher
25:43 Padded Archer Armor
26:34 Town Watch
27:47 Leather Archer Armor
28:00 Heavy Plow
32:35 Bloodlines
32:25 Husbandry
32:35 Bloodlines
32:25 Husbandry
32:36 Stone Mining
37:00 Imperial Age
35:03 Masonry
35:46 Red Cliffs Tactics
37:20 Murder Holes
37:05 Treadmill Crane
37:23 Murder Holes
37:03 Elite Fire Archer
37:51 Bracer
38:54 Chemistry
38:15 Ballistics
39:05 Architecture
38:59 Hand Cart
38:45 Town Patrol
40:04 Conscription
39:53 Scale Barding Armor
39:58 Forging
41:28 Two-Man Saw
41:18 Chain Barding Armor
41:20 Town Patrol
42:20 Stone Shaft Mining
42:20 Gold Shaft Mining
42:20 Stone Shaft Mining
42:16 Sitting Tiger
42:58 Husbandry
42:20 Light Cavalry
46:28 Iron Casting
47:53 Plate Barding Armor
48:19 Blast Furnace
winston
5:01 Loom
8:53 Feudal Age
9:23 Double-Bit Axe
9:44 Double-Bit Axe
Furnytt
9:27 Loom
11:12 Feudal Age
mryendl2410
6:05 Loom
9:00 Feudal Age
10:15 Double-Bit Axe
13:52 Fletching
17:31 Horse Collar
17:42 Gold Mining
22:10 Castle Age
20:47 Padded Archer Armor
22:48 Crossbowman
23:25 Bodkin Arrow
24:24 Ballistics
26:17 Wheelbarrow
31:06 Imperial Age
30:39 Bow Saw
30:33 Heavy Plow
32:47 Chemistry
31:58 Bracer
32:43 Thumb Ring
36:57 Arbalester
38:40 Elite Skirmisher
Connection lost

Rejoining the realm…

Still unreachable

The connection could not be restored.

Session expired

The server has moved on; the page needs a fresh start.